 Dungeon Crawl Stone Soup version 0.28-a0-695-gff097466f2 (webtiles) character file.

Game seed: 1288104582328275607

2235 kae the Transmogrifier (level 9, -6/64 HPs)
             Began as a White Draconian Transmuter on Oct 22, 2021.
             Mangled by Harold (19 damage)
             ... on level 7 of the Dungeon.
             The game lasted 00:05:25 (8560 turns).

kae the Transmogrifier (White Draconian Transmuter) Turns: 8560, Time: 00:05:26

Health: -6/64      AC:  2    Str: 13    XL:     9   Next: 14%
Magic:  0/12       EV: 19    Int: 17    God:
Gold:   46         SH:  0    Dex: 16    Spells: 4/12 levels left

rFire   . . .      SeeInvis .     - Unarmed
rCold   + + .      Faith    .   (shield currently unavailable)
rNeg    . . .      Spirit   +   (armour unavailable)
rPois   x          Reflect  .   (helmet currently unavailable)
rElec   .          Harm     .   (cloak currently unavailable)
rCorr   .          Rampage  .   (gloves currently unavailable)
Will    .....                   (boots currently unavailable)
Stlth   ++........              l - amulet "Meunikut" {Spirit rC+ Stlth+}
HPRegen 0.20/turn               d - ring of protection from cold
MPRegen 0.13/turn               (no ring)

@: spider-form, marked
A: venomous fangs, (breathe frost), AC +7, tiny, unfitting armour, (cold
resistance 1), (cold-blooded)
a: End Transformation


You were on level 7 of the Dungeon.
You were a venomous arachnid creature.
You visited 2 branches of the dungeon, and saw 8 of its levels.

You collected 263 gold pieces.
You spent 217 gold pieces at shops.

Inventory:

Armour
 a - a +2 cloak (melded)
Jewellery
 d - a ring of protection from cold (left front leg)
 l - the amulet "Meunikut" (around neck) {Spirit rC+ Stlth+}
   (You found it on level 5 of the Dungeon)

   [amulet of guardian spirit]

   It causes incoming damage to be divided between your reserves of health and
   magic.
   rC:        It protects you from cold.
   Stlth:     It makes you more stealthy.
Wands
 m - a wand of iceblast (7)
 o - a wand of paralysis (7)
 p - a wand of polymorph (6)
Scrolls
 g - a scroll of summoning
Potions
 b - 3 potions of curing
 c - 2 potions of haste {unknown}
 e - 2 potions of magic
 f - a potion of brilliance
 h - a potion of cancellation
 i - 3 potions of lignification
 j - a potion of might
 k - a potion of resistance
 n - a potion of berserk rage {unknown}


   Skills:
 - Level 1.1 Fighting
 - Level 1.7 Dodging
 + Level 7.5 Unarmed Combat
 - Level 2.0 Spellcasting
 * Level 10.0 Transmutations
 - Level 2.0 Poison Magic


You had 4 spell levels left.
You knew the following spells:

 Your Spells              Type           Power      Damage    Failure   Level
a - Beastly Appendage     Tmut           70%        N/A       2%          1
b - Spider Form           Tmut/Pois      11%        N/A       14%         3
c - Ice Form              Ice/Tmut       18%        N/A       45%         4

Your spell library contained the following spells:

 Spells                   Type           Power      Damage    Failure   Level
 Wereblood                Tmut           35%        N/A       3%          2
 Freeze                   Ice            4%         1d3       38%         1
 Frozen Ramparts          Ice            2%         1d2       71%         3
 Gell's Gravitas          Tloc           0%         N/A       71%         3
 Lesser Beckoning         Tloc           1%         N/A       71%         3
 Teleport Other           Tloc           1%         N/A       71%         3
 Hailstorm                Conj/Ice       1%         3d3       96%         4


Dungeon Overview and Level Annotations

Branches:
Dungeon (7/15)             Temple (1/1) D:4

Altars:
Ashenzari
Cheibriados
Fedhas
Gozag
Hepliaklqana
Kikubaaqudgha
Makhleb
Nemelex Xobeh
Qazlal
Trog
Uskayaw
Wu Jian
Yredelemnul
Zin
The Shining One

Shops:
D:5 [   D:6 ?

Annotations:
D:6 1 runed translucent door, emiel's ghost, novice OgBe
D:7 1 transporter, 1 runed translucent door, Crazy Yiuf; Harold; bmj180's ghost, novice DrCj


Innate Abilities, Weirdness & Mutations

You are a venomous arachnid creature.
You have poisonous fangs.
You are tiny and dextrous.
Your spellcasting is less reliable in this form.
Your armour is entirely melded.
You are incapable of wielding weapons or throwing items.
((You can breathe waves of freezing cold which knock back foes.))
((Your icy white scales are hard. (AC +7)))
You cannot fit into any form of body armour.
((Your flesh is cold resistant. (rC+)))
((You are cold-blooded and may be slowed by cold attacks.))


Message History

The howler monkey hoots and howls with incredible vigour!
You bite the howler monkey!
You kill the howler monkey!
No target in view!
Harold the Weathered comes into view.
He is wielding a +0 war axe.
No target in view!
Harold is nearby!
Harold is nearby!
Harold throws a throwing net.
The throwing net barely misses you. Harold hits you with a +0 war axe.
You hit Harold but do no damage.
Harold is poisoned.
Harold hits you with a +0 war axe!!
You completely miss Harold. You bite Harold!
Harold is lightly wounded.
Harold closely misses you.
You hit Harold but do no damage.
Harold is lightly wounded.
Harold misses you.
You hit Harold but do no damage.
Harold looks as sick as possible!
Harold is lightly wounded.
Harold gestures at you while chanting. A sentinel's mark forms upon you.
You hit Harold.
Harold looks as sick as possible!
Harold is lightly wounded.
Harold barely misses you.
You hit Harold.
Harold looks as sick as possible!
Harold is lightly wounded.
Harold closely misses you.
You hit Harold but do no damage.
Harold looks as sick as possible!
Harold is moderately wounded.
Harold hits you with a +0 war axe!!
You hit Harold but do no damage.
Harold looks as sick as possible!
Harold is moderately wounded.
Harold hits you with a +0 war axe!!
* * * LOW HITPOINT WARNING * * *
You hit Harold but do no damage.
Harold looks as sick as possible!
Harold is moderately wounded.
Harold hits you with a +0 war axe!!
You die...

.....#.# .....#.# '####
.....'.# ....# .....###.
.....# ########. .....#
# #.. #.....# # #.#
......# # #.#
#######@.)...# # # #.#
#.....s......#
##.#.##.###............#
.....†..)..$..†........#
##.#.##.##(...†...#.####
# #.##>.......#.#
#.##........# #
##+#+##.#.........#
........###......##
........###..$####


You could see Harold (extremely poisoned).

Vanquished Creatures
  Sigmund (D:6)
  A steam dragon (D:6)
  A water moccasin (D:6)
  An orc warrior (D:7)
  A sky beast (D:5)
  A black bear (D:5)
  2 ogres
  A centaur (D:7)
  A kobold brigand (D:6)
  A wyvern zombie (D:4)
  4 bullfrogs
  3 scorpions
  A water moccasin zombie (D:6)
  A water moccasin skeleton (D:5)
  2 howler monkeys (D:7)
  A bullfrog zombie (D:5)
  2 centaur zombies
  3 hounds (D:5)
  2 jellies (D:5)
  3 iguanas
  2 orc wizards
  4 gnolls (D:3)
  5 adders
  A howler monkey skeleton (D:7)
  A shadow imp (D:6)
  A white imp (D:6)
  2 adder zombies (D:5)
  A worm (D:4)
  A dart slug (D:1)
  12 orcs
  10 endoplasms
  6 giant cockroaches
  4 goblins
  11 hobgoblins
  7 quokkas
  4 ball pythons
  2 bats (D:3)
  5 frilled lizards
  7 kobolds
  5 rats
  A spectral kobold (D:2)
125 creatures vanquished.

Notes
Turn   | Place    | Note
-------+----------+-------------------------------------------
     0 | D:1      | kae the Draconian Transmuter began the quest for the Orb.
     0 | D:1      | Reached XP level 1. HP: 16/16 MP: 3/3
   533 | D:1      | Reached XP level 2. HP: 23/23 MP: 3/5
   889 | D:1      | Reached skill level 3 in Transmutations
  1204 | D:2      | Reached XP level 3. HP: 22/27 MP: 4/6
  1573 | D:2      | Found a faded altar of an unknown god.
  2220 | D:3      | Reached XP level 4. HP: 24/35 MP: 5/7
  2333 | D:3      | Learned a level 3 spell: Spider Form
  2655 | D:3      | Reached skill level 4 in Transmutations
  2833 | D:2      | Reached skill level 1 in Poison Magic
  3014 | D:3      | Reached XP level 5. HP: 31/40 MP: 4/8
  3159 | D:3      | Found a glowing golden altar of the Shining One.
  4009 | D:4      | Found a staircase to the Ecumenical Temple.
  4027 | Temple   | Entered the Ecumenical Temple
  4260 | D:5      | Entered Level 5 of the Dungeon
  4272 | D:5      | Noticed an ogre
  4282 | D:5      | Reached skill level 5 in Transmutations
  4282 | D:5      | Reached XP level 6. HP: 43/47 MP: 6/9
  4428 | D:5      | Noticed a sky beast
  4440 | D:5      | Killed a sky beast
  4441 | D:5      | Reached skill level 6 in Transmutations
  4448 | D:5      | Learned a level 4 spell: Ice Form
  4640 | D:5      | Found Wuuzeoth's Antique Armour Shop.
  4654 | D:5      | Your scales start taking on an icy white colour.
  4654 | D:5      | Reached XP level 7. HP: 52/52 MP: 8/10
  4654 | D:5      | Gained mutation: Your flesh is cold resistant. (rC+) [White
                  | Draconian growth]
  4665 | D:5      | Bought a runed cloak for 157 gold pieces
  4838 | D:5      | Reached skill level 5 in Unarmed Combat
  5071 | D:5      | Identified the amulet "Meunikut" {Spirit rC+ Stlth+}
  5377 | D:5      | Reached skill level 7 in Transmutations
  5828 | D:5      | Found a stormy altar of Qazlal.
  5893 | D:6      | Reached XP level 8. HP: 59/59 MP: 7/11
  6168 | D:6      | Noticed Sigmund
  6170 | D:6      | Found a runed translucent door.
  6181 | D:6      | Reached skill level 8 in Transmutations
  6530 | D:6      | Killed Sigmund
  6730 | D:6      | Found a burning altar of Makhleb.
  6730 | D:6      | Noticed an Executioner
  6742 | D:6      | Noticed emiel's ghost (novice OgBe)
  6961 | D:6      | Found Nyofojat's Magic Scroll Boutique.
  6968 | D:6      | Bought a scroll of identify for 20 gold pieces
  6968 | D:6      | Bought a scroll of identify for 20 gold pieces
  6968 | D:6      | Bought a scroll of identify for 20 gold pieces
  7105 | D:6      | Reached skill level 9 in Transmutations
  7984 | D:6      | Noticed a smoke demon
  8262 | D:7      | Noticed bmj180's ghost (novice DrCj)
  8266 | D:7      | Found a transporter.
  8272 | D:7      | Noticed a moth of wrath
  8280 | D:7      | Reached XP level 9. HP: 64/64 MP: 5/12
  8365 | D:7      | Found a runed translucent door.
  8366 | D:7      | Noticed Crazy Yiuf
  8535 | D:7      | Reached skill level 10 in Transmutations
  8546 | D:7      | Noticed Harold
  8560 | D:7      | Mangled by Harold

Illustrated notes

Levels and vault maps discovered:
D:1:      giann_horns, layout_basic
D:2:      layout_loops_ring, dreamdust_ecumenical_altar_drowned_temple,
          eino_curves_04, dk_vineyard_1, minmay_distorted
D:3:      layout_loops_ring, mainiacjoe_overflow_boulevard
D:4:      layout_cave_pools, minmay_temple_entry_statues_pillars
D:5:      layout_basic, marbit_many_paths, serial_shops, nicolae_diamond_shop,
          gup_sewer_entry_pipe
D:6:      layout_layer_cave, makhleb_altar_promises_db, ebering_ghost_sewer_d,
          serial_shops, shop, uniq_sigmund
D:7:      layout_basic, mainiacjoe_overflow_concentric_impassable, serial_shops,
          nicolae_inconvenience_store, kennysheep_mini, nicolae_shop_trees,
          nicolae_stop_n_shop_2, nicolae_shop_trees,
          gammafunk_ghost_wrathful_warriors, uniq_harold,
          uniq_crazy_yiuf_cottage
Temple:   chequers_temple_sunken

Skill      XL: |  1  2  3  4  5  6  7  8  9 |
---------------+----------------------------+-----
Transmutations | 3 4 5 6 7 9 10 | 10.0
Poison Magic   | 1 2 |  2.0
Unarmed Combat | 4 5 7 |  7.5
Fighting       | |  1.1
Dodging        | |  1.7
Spellcasting   | |  2.0

Action                   |  1- 3 |  4- 6 |  7- 9 || total
-------------------------+-------+-------+-------++-------
Melee: Unarmed           |   113 |   171 |   201 ||   485
       Tailslap          |    15 |     8 |     1 ||    24
       Headbutt          |    13 |     9 |     2 ||    24
       Kick              |    15 |    19 |     3 ||    37
       Punch             |     1 |     2 |       ||     3
 Cast: Beastly Appendage |    23 |    19 |     3 ||    45
       Spider Form       |       |     7 |    22 ||    29
       Ice Form          |       |       |     7 ||     7
 Abil: Breathe Frost     |       |       |     2 ||     2
  Use: Scroll            |     5 |     1 |     9 ||    15
       Potion            |       |     3 |       ||     3
 Stab: Distracted        |       |       |     1 ||     1
       Sleeping          |       |       |     2 ||     2
Armor: Skin              |    27 |    26 |    37 ||    90
Dodge: Dodged            |    71 |   124 |   148 ||   343

Table legend: (Time is in decaauts)
 A = Elapsed time spent in this place.
 B = Non-inter-level travel time spent in this place.
 C = Inter-level travel time spent in this place.
 D = Time resting spent in this place.
 E = Time spent auto-exploring this place.
 F = Levels seen in this place.
 G = Mean time per level.
                   A        B        C        D        E       F      G
               +--------+--------+--------+--------+--------+-----+--------+
         Total |   8543 |   8430 |    113 |    863 |   6354 |   8 | 1067.9 |
       Dungeon |   8464 |   8363 |    101 |    863 |   6328 |   7 | 1209.1 |
        Temple |     79 |     68 |     11 |      0 |     25 |   1 |   79.0 |
               +--------+--------+--------+--------+--------+-----+--------+

Top non-repeatable levels by time:
     D:6: 1985 daAuts
     D:5: 1915 daAuts
     D:3: 1182 daAuts
     D:2: 1123 daAuts
     D:1: 1046 daAuts
     D:4: 829 daAuts
     D:7: 381 daAuts
  Temple: 79 daAuts
